AoeStats
← Shredded_Pork

MegaRandom

509876559Analyzed
4v4 RM · 3d ago on Sep 28, 2026· 44m 47s· 8 players
Game mode
Random Map
Map size
Large (8 player)
Population
200
Speed
Normal
Resources
Standard
Victory
Conquest
Starting age
Dark Age
Ending age
Imperial Age
RankedLock teamsTeams togetherTeam positionsShared explorationLock speedFull tech treeHidden civsTurbo modeCheats
Victory
Defeat
🇨🇳 Ethiopians · China
725
+17
🇨🇳 Bulgarians · China
703
+18
🇨🇳 Franks · China
687
+19
🇮🇳 Britons · India
642
+20
🇮🇱 Malians · Israel
761
-19
🇧🇪 Britons · Belgium
760
-19
🇬🇧 Persians · United Kingdom
746
-19
🇮🇹 Bohemians · Italy
712
-17
A11Wolv3rin3
0:46 Loom
13:53 Feudal Age
14:39 Double-Bit Axe
14:36 Horse Collar
18:54 Gold Mining
18:56 Stone Mining
18:40 Man-at-Arms
19:05 Arson
26:00 Castle Age
27:23 Long Swordsman
27:24 Pikeman
27:49 Gambesons
28:05 Squires
28:17 Forging
28:08 Scale Mail Armor
27:58 Fletching
28:09 Padded Archer Armor
28:41 Heavy Plow
29:51 Wheelbarrow
30:54 Fortified Wall
31:11 Bow Saw
31:47 Caravan
31:15 Crossbowman
33:36 Hand Cart
35:24 Yeomen
36:14 Iron Casting
35:54 Chain Mail Armor
35:35 Bodkin Arrow
35:55 Leather Archer Armor
36:32 Ballistics
36:08 Murder Holes
36:24 Masonry
42:02 Imperial Age
39:22 Town Watch
41:39 Elite Skirmisher
42:33 Elite Longbowman
42:45 Two-Handed Swordsman
44:10 Bracer
44:41 Ring Archer Armor
715113342
0:44 Loom
11:01 Feudal Age
19:42 Castle Age
37:23 Imperial Age
45:37 Ballistics
46:18 Chemistry
诺
0:54 Loom
11:41 Feudal Age
18:51 Castle Age
18:51 Double-Bit Axe
20:36 Bow Saw
21:52 Horse Collar
24:26 Forging
25:42 Iron Casting
33:40 Imperial Age
32:17 Stirrups
33:19 Wheelbarrow
32:48 Heavy Plow
32:59 Scale Mail Armor
33:07 Scale Barding Armor
33:23 Arson
33:39 Squires
32:59 Pikeman
33:24 Gambesons
35:26 Husbandry
35:36 Bloodlines
36:28 Blast Furnace
35:49 Chain Barding Armor
36:04 Bagains
36:11 Gold Mining
36:11 Stone Mining
37:59 Chain Mail Armor
38:20 Plate Barding Armor
39:57 Onager
41:36 Thumb Ring
41:57 Parthian Tactics
41:03 Elite Konnik
42:17 Plate Mail Armor
Shredded_Pork
11:51 Feudal Age
12:34 Double-Bit Axe
15:14 Horse Collar
21:18 Castle Age
28:01 Thumb Ring
27:17 Crossbowman
30:46 Stone Mining
31:46 Bow Saw
31:39 Heavy Plow
32:16 Stone Shaft Mining
35:24 Imperial Age
34:43 Wheelbarrow
34:47 Padded Archer Armor
34:48 Scale Mail Armor
34:42 Fletching
35:14 Ballistics
36:03 Hand Cart
36:30 Chain Mail Armor
36:10 Bodkin Arrow
36:31 Leather Archer Armor
38:23 Coinage
37:54 Caravan
37:34 Arbalester
40:22 Conscription
40:49 Ring Archer Armor
40:19 Bracer
40:50 Plate Mail Armor
BOOSON 8
0:44 Loom
20:06 Feudal Age
23:04 Gold Mining
23:05 Stone Mining
23:53 Arson
DogeDogOfVenice
0:29 Loom
12:15 Feudal Age
16:18 Horse Collar
17:14 Wheelbarrow
16:41 Double-Bit Axe
24:13 Castle Age
24:45 Scale Mail Armor
43:19 Masonry
RosConor
0:29 Loom
12:39 Feudal Age
13:16 Double-Bit Axe
16:16 Horse Collar
22:33 Castle Age
21:14 Stone Mining
21:18 Gold Mining
23:19 Caravan
26:19 Heavy Plow
28:56 Bow Saw
28:30 Pikeman
Sam-Ba-Kaka
11:00 Feudal Age
12:33 Wheelbarrow
11:45 Double-Bit Axe
11:33 Man-at-Arms
14:41 Horse Collar
24:31 Castle Age
23:27 Stone Mining
23:28 Gold Mining
26:05 Hand Cart
26:31 Stone Shaft Mining
26:31 Gold Shaft Mining
26:51 Bow Saw
28:11 Caravan
31:20 Forging
31:10 Scale Mail Armor
33:41 Iron Casting
33:21 Chain Mail Armor
34:52 Gold Shaft Mining
Connection lost

Rejoining the realm…

Still unreachable

The connection could not be restored.

Session expired

The server has moved on; the page needs a fresh start.